 Dungeon Crawl Stone Soup version 0.24.0-123-gd5b16e6ec5 (webtiles) character file.

Game seed: 8731330688734559160, levelgen mode: deterministic

110 Elellon the Ruffian (level 4, 0/44 HPs)
             Began as a Troll Monk on Jan 19, 2020.
             Slain by a worker ant (4 damage)
             ... on level 3 of the Dungeon.
             The game lasted 00:02:29 (2256 turns).

Elellon the Ruffian (Troll Monk)                    Turns: 2256, Time: 00:02:30

Health: 0/44       AC:  6    Str: 20    XL:     4   Next: 61%
Magic:  3/3        EV: 10    Int:  6    God:
Gold:   171        SH:  0    Dex: 12    Spells: 3/3 levels left

rFire    . . .     SeeInvis .     - Unarmed
rCold    . . .     Gourm    +   (no shield)
rNeg     . . .     Faith    .   a - +0 robe
rPois    .         Spirit   .   (helmet restricted)
rElec    .         Reflect  .   (no cloak)
rCorr    .         Harm     .   (gloves unavailable)
MR       .....                  (boots unavailable)
Stlth    ++........             (no amulet)
HPRegen  0.54/turn              (no ring)
MPRegen  0.08/turn              (no ring)

@: lethally poisoned (0 -> -6)
A: large, unfitting armour, claws 3, fast metabolism 3, gourmand, regeneration
1, shaggy fur 1, tough skin 3
a: no special abilities


You were on level 3 of the Dungeon.
You were very full.

You visited 1 branch of the dungeon, and saw 4 of its levels.

You collected 171 gold pieces.

Inventory:

Armour
 a - a +0 robe (worn)
Jewellery
 i - an uncursed ring of magical power {unknown}
Scrolls
 c - 3 scrolls of teleportation {unknown}
 d - a scroll of magic mapping {unknown}
 e - a scroll of identify {unknown}
 f - 2 scrolls of immolation {unknown}
 g - a scroll of fog {unknown}
 h - a scroll of remove curse {unknown}
Potions
 j - a potion of flight {unknown}
 k - a potion of curing {unknown}
Comestibles
 b - 8 rations


   Skills:
 - Level 2.4 Fighting
 - Level 2.4 Dodging
 - Level 1.0 Stealth
 + Level 5.4 Unarmed Combat


You had 3 spell levels left.
You didn't know any spells.
Your spell library was empty.

Dungeon Overview and Level Annotations

Branches:
Dungeon (4/15)
 Temple: D:4-7

Altars:
Hepliaklqana
Vehumet

Annotations:
D:4 Edmund, Natasha


Innate Abilities, Weirdness & Mutations

You are too large for most types of armour.
You have claws for hands.
Your metabolism is lightning-fast.
You like to eat raw meat.
Your natural rate of healing is unusually fast.
You are covered in fur. (AC +1)
You have extremely tough skin. (AC +3)


Message History

The worker ant is severely wounded.
The worker ant bites you.
You are more poisoned.
The worker ant poisons you! The worker ant bites you.
* * * LOW HITPOINT WARNING * * *
You barely miss the worker ant.
The worker ant is severely wounded.
You feel sick.
The worker ant bites you but does no damage.
You barely miss the worker ant.
The worker ant is severely wounded.
You feel sick. The worker ant bites you.
* * * LOW HITPOINT WARNING * * *
You are lethally poisoned!
The worker ant poisons you!
You scratch the worker ant.
The worker ant is almost dead.
* * * LOW HITPOINT WARNING * * *
You feel sick. The worker ant bites you.
You die...

#.##### #.##....##
#.....# #.##.....#
#####'###.##..≈≈≈≈
#.........####≈###
#......#......≈≈≈≈
#......+......≈≈#≈
####......#......≈≈#≈
#........###+###.≈≈#≈
#...@....##....#.≈≈≈≈
#....a....#....#.≈###
#.........'....##≈≈≈≈
#....#....#....######
######....#...<#
#....###### #....#
#....# ######


You could see a worker ant.

Vanquished Creatures
  Natasha (D:4)
  Robin (D:3)
  An adder (D:3)
  A dart slug (D:2)
  A leopard gecko (D:1)
  A ball python (D:2)
  5 bats (D:1)
  2 giant cockroaches
  9 hobgoblins
  3 jackals (D:4)
  4 kobolds
  A quokka (D:3)
  5 frilled lizards
  16 goblins
  4 rats
55 creatures vanquished.

Notes
Turn   | Place    | Note
-------+----------+-------------------------------------------
     0 | D:1      | Elellon the Troll Monk began the quest for the Orb.
     0 | D:1      | Reached XP level 1. HP: 22/22 MP: 0/0
   191 | D:1      | Reached XP level 2. HP: 22/29 MP: 1/1
   474 | D:1      | Reached skill level 4 in Unarmed Combat
   892 | D:2      | Found a faded altar of an unknown god.
  1014 | D:2      | Reached XP level 3. HP: 33/36 MP: 2/2
  1042 | D:2      | Found a hazy altar of Hepliaklqana.
  1123 | D:2      | Found a radiant altar of Vehumet.
  1784 | D:3      | Noticed Robin
  1819 | D:3      | Killed Robin
  1819 | D:3      | Reached XP level 4. HP: 27/44 MP: 3/3
  1841 | D:3      | Reached skill level 5 in Unarmed Combat
  2178 | D:4      | Noticed Natasha
  2179 | D:4      | Noticed Edmund
  2241 | D:4      | Killed Natasha
  2246 | D:4      | Noticed Natasha
  2256 | D:3      | Slain by a worker ant

Levels and vault maps discovered:
D:1:      moated_graveyard_arrival, layout_basic
D:2:      layout_basic, old_standard_altar, lemuel_doored_altar,
          chequers_ecumenical_altar_simple, wad_floor_pattern_1
D:3:      layout_basic, minmay_crystal_water, uniq_robin
D:4:      layout_loops_ring, uniq_natasha, uniq_edmund

Skill      XL: |  1  2  3  4 |
---------------+-------------+-----
Unarmed Combat | 4 5 |  5.4
Fighting       | |  2.4
Dodging        | |  2.4
Stealth        | |  1.0

Action                   |  1- 3 |  4- 6 || total
-------------------------+-------+-------++-------
Melee: Unarmed           |    94 |    26 ||   120
       Punch             |     1 |       ||     1
 Stab: Sleeping          |     3 |     3 ||     6
  Eat: Chunk             |    22 |     3 ||    25
Armor: Robe              |    31 |    10 ||    41
Dodge: Dodged            |    48 |    15 ||    63
